[Event "*** Titled Tuesday Blitz"]
[Site "Chess.com"]
[Date "2019.02.05"]
[Round "5"]
[White "joppie2"]
[Black "GMBenjaminBok"]
[Result "0-1"]
[WhiteElo "2745"]
[BlackElo "2865"]
[TimeControl "180+2"]
[EndTime "14:07:21 PST"]
[Termination "GMBenjaminBok won by resignation"]

1. c4 e6 2. Nc3 d5 3. d4 c6 4. Nf3 Nf6 5. Bg5 h6 6. Bxf6 Qxf6 7. e3 g6 8. Ne5 Bg7 9. f4 O-O 10. h4 c5 11. cxd5 cxd4 12. Qxd4 Nd7 13. Ne4 Qd8 14.
d6 Nxe5 15. fxe5 Qa5+ 16. b4 Qxe5 17. Qxe5 Bxe5 18. Rd1 Rd8 19. Bc4 b6 20. O-O Bb7 21. Nf6+ Kg7 22. Rd2 Bxf6 23. Rdf2 Be4 24. g4 Bxh4 25.
Rxf7+ Kh8 26. d7 Bd5 27. Bxd5 exd5 28. Kg2 Kg8 29. R1f3 Rab8 30. Kf1 Rb7 31. Ke2 Rbxd7 32. R7f4 Bg5 33. Rd4 Re7 34. Kd3 Rde8 35. Rxd5 Rxe3+ 36. Rxe3 Rxe3+ 37. Kd4 Re7 38. Kc4 Kf7 39. Kb5 Bf4 40.
Ka6 Kf6 41. b5 Be5 42. a4 h5 43. gxh5 gxh5 44. Rd8 h4 45. Rh8 Kg5 46. Rg8+ Rg7 47.
Rh8 Kg4 48. Re8 Bg3 49. Re4+ Bf4 50. Re1 h3 51. Rg1+ Bg3 52. a5 bxa5 53. Kxa5 h2 0-1

[Event "*** Titled Tuesday Blitz"]
[Site "Chess.com"]
[Date "2019.02.05"]
[Round "5"]
[White "snowlord"]
[Black "TST2014"]
[Result "1-0"]
[WhiteElo "2700"]
[BlackElo "2516"]
[TimeControl "180+2"]
[EndTime "14:07:22 PST"]
[Termination "snowlord won by checkmate"]

1. d4 Nf6 2. c4 c5 3. d5 e6 4. Nc3 exd5 5. cxd5 d6 6. e4 g6 7. f4 Bg7 8. Bb5+ Nfd7 9. Nf3 O-O 10. O-O a6 11. Bd3 b5 12. a3 Ra7 13. Qe1 c4 14.
Bc2 Nc5 15. f5 Nbd7 16. Bg5 Bf6 17. Qh4 h5 18. e5 Bxg5 19. Nxg5 Nxe5 20. fxg6 fxg6 21.
Rxf8+ Qxf8 22. Rf1 Qg7 23. Nce4 Nxe4 24. Nxe4 Rf7 25.
Rxf7 Nxf7 26. Qe7 Qd4+ 27. Kf1 Bf5 28. Nf6+ Kg7 29. Ne8+ Kh6 30. Bxf5 Qf4+ 31. Ke2 Qxf5 32. Qf8+ Kg5 33. Qe7+ Kg4 34. Nf6+ Kg5 35. Ng8+ Kg4 36. Qxf7 Qe4+ 37. Kf2 Qd4+ 38. Ke1 Qe3+ 39. Kd1 Qd4+ 40.
Kc1 Qe3+ 41. Kd1 Qd3+ 42. Ke1 Qe4+ 43. Kf2 Qd4+ 44. Ke1 Qe3+ 45. Kf1 Qd3+ 46. Kg1 Qd4+ 47. Qf2 Qd1+ 48. Qf1 Qd4+ 49. Kh1 Qxb2 50. Qf3+ Kg5 51. h4+ Kxh4 52. Qf4# 1-0

[Event "*** Titled Tuesday Blitz"]
[Site "Chess.com"]
[Date "2019.02.05"]
[Round "5"]
[White "Vamostodorecto"]
[Black "vpsetter"]
[Result "1-0"]
[WhiteElo "2469"]
[BlackElo "2621"]
[TimeControl "180+2"]
[EndTime "14:07:22 PST"]
[Termination "Vamostodorecto won by resignation"]

1. d4 Nf6 2. c4 e6 3. Nc3 Bb4 4.
e3 O-O 5. a3 Bxc3+ 6. bxc3 d5 7. cxd5 exd5 8. Bd3 c5 9. Ne2 b6 10. O-O Ba6 11. f3 Qc8 12. Ng3 Nc6 13. Ra2 Re8 14. Re2 h5 15. Bb2 h4 16. Nf5 Bxd3 17. Qxd3 c4 18.
Qc2 Re6 19. e4 h3 20. e5 Nh5 21. f4 Rg6 22. Ne3 hxg2 23. Rxg2 Qh3 24. Nxd5 Rd8 25. Rxg6 fxg6 26. Nb4 Nxb4 27. axb4 Rf8 28. Bc1 g5 29. f5 g4 30. f6 Qd3 31. Qxd3 cxd3 32. fxg7 Rxf1+ 33. Kxf1 g3 34. hxg3 Nxg3+ 35. Kf2 Ne4+ 36. Ke3 Nxc3 37. Kxd3 Nd5 38. Kc4 Nc7 39. d5 Kxg7 40. b5 Kf7 41. Bg5 Ke8 42. Bf6 Kd7 43. Bh4 Ne8 44.
e6+ Kc8 45. Bg3 Nf6 46. d6 Ne4 47. d7+ 1-0

[Event "*** Titled Tuesday Blitz"]
[Site "Chess.com"]
[Date "2019.02.05"]
[Round "5"]
[White "GukeshDommaraju"]
[Black "GM_dmitrij"]
[Result "0-1"]
[WhiteElo "2688"]
[BlackElo "2778"]
[TimeControl "180+2"]
[EndTime "14:07:24 PST"]
[Termination "GM_dmitrij won by resignation"]

1. e4 e5 2. Nf3 Nc6 3. Bc4 Nf6 4. Ng5 d5 5. exd5 Na5 6. Bb5+ Bd7 7. Be2 Nxd5 8. d4 Be7 9. Nf3 exd4 10. Nxd4 O-O 11.
O-O Nc6 12. Bf3 Nxd4 13. Bxd5 Bc6 14. Bxc6 Nxc6 15. Bf4 Bf6 16. c3 Be5 17. Be3 Qf6 18. Nd2 Rad8 19. Qb3 b6 20. Nf3 Bf4 21. Rfe1 Na5 22. Qa4 Bxe3 23. Rxe3 Qc6 24. Qf4 Nc4 25. Re2 h6 26. Nd4 Qd6 27. Qg4 Ne5 28. Qg3 Ng6 29. Qxd6 Rxd6 30. Nb5 Rd5 31. Nxc7 Ra5 32. b4 Rg5 33. g3 Rc8 34. Re8+ Rxe8 35. Nxe8 Rd5 36. Rc1 Rd2 37. a4 Ra2 38. a5 bxa5 39. bxa5 Rxa5 40. c4 Rc5 41. Nd6 Ne5 42. f4 Nc6 43. Nb7 Rf5 44. c5 Rd5 45. Ra1 a5 46. Rb1 a4 47. Rb6 a3 48. Ra6 Rd3 49. Kf2 Nb4 50. Ra8+ Kh7 51.
Nd6 a2 52. c6 Rxd6 53. c7 Rc6 0-1

[Event "*** Titled Tuesday Blitz"]
[Site "Chess.com"]
[Date "2019.02.05"]
[Round "5"]
[White "Walter_White_Poland"]
[Black "Vadim_Biliy"]
[Result "1-0"]
[WhiteElo "2124"]
[BlackElo "2115"]
[TimeControl "180+2"]
[EndTime "14:07:24 PST"]
[Termination "Walter_White_Poland won on time"]

1. e4 d6 2. d4 Nf6 3. Nc3 g6 4. f4 Bg7 5. Nf3 O-O 6. Bd3 Na6 7.
O-O c5 8. d5 Rb8 9. a4 Nc7 10.
Bc4 e6 11. dxe6 Bxe6 12. Bxe6 fxe6 13. e5 Nfd5 14. exd6 Qxd6 15. Ne4 Qb6 16. g3 c4+ 17. Kh1 Ne3 18. Bxe3 Qxe3 19. Re1 Qb6 20. Qd6 Nd5 21. Qxb6 Nxb6 22. c3 Rbd8 23. Nc5 Rf7 24. a5 Nc8 25. Ng5 Re7 26. Rad1 Rd5 27. Ngxe6 Rxd1 28. Rxd1 b6 29. Rd8+ Kf7 30. Ng5+ Kf6 31. Nxh7+ Kf5 32. Rxc8 bxc5 33.
Rxc5+ Kg4 34. Kg2 Re2+ 35. Kf1 Rxh2 36. Ng5 Kxg3 37. Rxc4 Rxb2 38. Ne6 Bf6 39. Ke1 Ra2 40. Rc5 a6 41. Kd1 Kf3 42. Rc6 Ke3 43. Nc5 Bxc3 44. Rxa6 Bxa5 45. Rxg6 1-0

[Event "*** Titled Tuesday Blitz"]
[Site "Chess.com"]
[Date "2019.02.05"]
[Round "5"]
[White "MasterKroket"]
[Black "champ2005"]
[Result "0-1"]
[WhiteElo "2395"]
[BlackElo "2602"]
[TimeControl "180+2"]
[EndTime "14:07:26 PST"]
[Termination "champ2005 won on time"]

1. d4 Nf6 2. c4 g6 3. Nc3 Bg7 4. e4 d6 5. Nf3 O-O 6. Be2 e5 7. d5 a5 8. Bg5 h6 9. Bh4 Qe8 10. O-O Nh7 11. Nd2 f5 12. exf5 Bxf5 13. Nde4 Nd7 14.
Bd3 Nhf6 15. Qe2 Nh5 16. Bg3 Nf4 17. Qe3 Nxd3 18. Qxd3 g5 19. f3 Qg6 20. Qe3 b6 21. Rae1 Rf7 22. Nb5 Nf6 23. Nxf6+ Bxf6 24. b3 Raf8 25.
Nc3 h5 26. h3 Bg7 27. Ne4 Bh6 28. Qe2 g4 29. Kh2 Rg7 30. fxg4 hxg4 31. h4 Rgf7 32.
Rf2 Bd7 33. Rxf7 Rxf7 34. Kg1 Bf5 35. Nf2 Bg7 36. a3 Bf6 37. Ne4 Be7 38. Nc3 Qh5 39.
Qf2 Bg6 40. Qe3 Bxh4 41. Rf1 Rxf1+ 42. Kxf1 Bg5 43. Qg1 Bd3+ 44. Ke1 Qh6 45. Ne2 Be3 0-1

[Event "*** Titled Tuesday Blitz"]
[Site "Chess.com"]
[Date "2019.02.05"]
[Round "5"]
[White "GianmarcoVaR"]
[Black "CaptainCasanova"]
[Result "0-1"]
[WhiteElo "2606"]
[BlackElo "2774"]
[TimeControl "180+2"]
[EndTime "14:07:28 PST"]
[Termination "CaptainCasanova won by checkmate"]

1. b3 a5 2. Bb2 a4 3. b4 e6 4. a3 Nf6 5. c4 d5 6. e3 c5 7.
b5 Nbd7 8. d3 Bd6 9. Nd2 O-O 10.
Qc2 Ne5 11. Be2 b6 12. Ngf3 Ng6 13. O-O Bb7 14. e4 d4 15. Rfe1 Ng4 16. Nf1 Nf4 17. Bd1 h5 18. e5 Bxf3 19. Bxf3 Nxe5 20. Bxa8 Qxa8 21. f3 Nxf3+ 22. Kh1 Nxe1 23. Rxe1 h4 24. Bc1 h3 25. Bxf4 Bxf4 26. Re4 Bc7 27. Kg1 hxg2 28. Qxg2 g6 29. h4 Kg7 30. h5 Rg8 31. Qg5 Qd8 32. Qg4 f5 33. Qxg6+ Kf8 34. Rxe6 Rxg6+ 35. Rxg6 Qh4 36.
Kg2 Qxh5 37. Rf6+ Ke7 38. Rc6 Qe2+ 39. Kg1 Bf4 40. Rxb6 Qxd3 41. Rb7+ Kf6 42. Rb6+ Kg5 43. Rb7 Qxc4 44. b6 Qb5 45. Rh7 Qxb6 46. Rh3 c4 47. Rf3 d3+ 48. Kg2 Qb2+ 49. Kh3 Qe2 50. Rg3+ Kf6 51. Nh2 Qxh2+ 52. Kxh2 d2 53. Kg2 Bxg3 54. Kf1 d1=Q+ 55. Kg2 Qb3 56. Kf1 Qf3+ 57. Kg1 Qf2+ 58. Kh1 Qh2# 0-1

[Event "*** Titled Tuesday Blitz"]
[Site "Chess.com"]
[Date "2019.02.05"]
[Round "5"]
[White "Fins0905"]
[Black "RiskyDecision"]
[Result "1-0"]
[WhiteElo "2629"]
[BlackElo "2427"]
[TimeControl "180+2"]
[EndTime "14:07:32 PST"]
[Termination "Fins0905 won by checkmate"]

1. d4 Nf6 2. c4 e6 3. Nf3 d5 4. Bg5 dxc4 5. Qa4+ Nbd7 6. e3 a6 7. Bxc4 Rb8 8. Be2 b5 9. Qd1 Bb7 10. Nbd2 c5 11. O-O Be7 12. a4 O-O 13. h3 Ne4 14.
Bf4 Rc8 15. axb5 axb5 16. Bxb5 Nxd2 17. Nxd2 cxd4 18. exd4 Nf6 19. Nf3 Nd5 20. Bg3 Nb4 21. b3 Nc2 22. Rc1 Bxf3 23. gxf3 Qxd4 24. Bc4 Qxd1 25.
Rfxd1 Nb4 26. Rd7 Bg5 27. Ra1 Rfd8 28. Raa7 Rxd7 29. Rxd7 h5 30. Bd6 Nd5 31. Bxd5 exd5 32. b4 Rc2 33. Bc5 Rb2 34. Rxd5 Bd2 35. Rd4 f6 36. Kf1 Bc3 37. Rc4 Bd2 38. Kg2 Kf7 39. h4 g5 40. Kg3 Kg6 41. Re4 Bf4+ 42. Kg2 Bd2 43. Kf1 Bc3 44. Rc4 Bd2 45. Be3 Bxb4 46. hxg5 fxg5 47. Rc6+ Kf5 48. Bd4 Rb3 49. Kg2 Bd2 50.
Rc5+ Kg6 51. Rc6+ Kf5 52. Rf6# 1-0

[Event "*** Titled Tuesday Blitz"]
[Site "Chess.com"]
[Date "2019.02.05"]
[Round "5"]
[White "Alex_Terzi"]
[Black "Abund"]
[Result "1-0"]
[WhiteElo "2509"]
[BlackElo "2554"]
[TimeControl "180+2"]
[EndTime "14:07:33 PST"]
[Termination "Alex_Terzi won by resignation"]

1. e4 c5 2. Nf3 Nc6 3. d4 cxd4 4. Nxd4 Nf6 5. Nc3 e5 6. Ndb5 d6 7. Bg5 a6 8. Na3 b5 9. Nd5 Be7 10. Bxf6 Bxf6 11. c3 Rb8 12. Nc2 Bg5 13. Ncb4 Nxb4 14.
Nxb4 Bb7 15. Nd5 O-O 16. Be2 f5 17. exf5 Rxf5 18. O-O e4 19. Ne3 Re5 20. a4 Bc6 21. axb5 axb5 22. Qd4 Re6 23. Bg4 Rg6 24. Bf5 Rh6 25. Bxe4 Rh4 26. Bd5+ Kh8 27. f4 Bf6 28. Qe4 Bd7 29. Ra6 Qc7 30. Rfa1 Re8 31. Ra8 Bd8 32. Qd4 Qc5 33. Qxc5 dxc5 34. g3 Rh6 35. h4 Rd6 36. Kf2 h5 37. b3 c4 38. bxc4 bxc4 39. Bxc4 Rd2+ 40. Be2 Bb5 41. c4 Bxc4 42. Nxc4 Rexe2+ 43. Kf3 Rf2+ 44. Ke4 Rd7 45. Ne5 Re2+ 46. Kf5 Rd5 47. Rxd8+ Rxd8 48. Nf7+ Kh7 49. Nxd8 Re3 50. Rg1 Kg8 51.
Ne6 Kf7 52. Ng5+ Kg8 53. Kg6 Re1 54. Rxe1 Kf8 55. Re2 1-0

[Event "*** Titled Tuesday Blitz"]
[Site "Chess.com"]
[Date "2019.02.05"]
[Round "5"]
[White "GremioPrudente"]
[Black "SimonKnightRivendell"]
[Result "1/2-1/2"]
[WhiteElo "2065"]
[BlackElo "2000"]
[TimeControl "180+2"]
[EndTime "14:07:33 PST"]
[Termination "Game drawn by agreement"]

1. Nf3 c6 2. d4 d5 3. c4 Nf6 4. e3 g6 5. b3 Bg7 6. Bb2 O-O 7. Be2 Bf5 8. O-O Nbd7 9. Nc3 a6 10. Nh4 Be6 11.
Nf3 b5 12. c5 Bg4 13. b4 Bxf3 14. Bxf3 e5 15. g3 Qe7 16. Re1 e4 17. Bg2 Ne8 18. a4 Nc7 19. axb5 axb5 20. Qb3 Kh8 21. Rxa8 Rxa8 22. Ra1 Rxa1+ 23. Bxa1 Qd8 24. Qa3 Qa8 25. Qxa8+ Nxa8 26. Bh3 f5 27. Bf1 Nc7 28. Ne2 Na6 29.
Bc3 g5 30. Bh3 g4 31. Bf1 Bh6 32. h3 Nf8 33. h4 Ne6 34. Nc1 Bg7 35. Nb3 Bf6 36.
Na5 Nb8 37. Nb7 Kg7 38. Nd6 Kg6 39. Be2 Be7 40. Nc8 Bf8 41. Nb6 Kf7 42. Kf1 Ke8 43. Ke1 Be7 44. Nc8 Kd7 45. Nxe7 Kxe7 46. Kd2 Kf6 47.
Bf1 Kg6 48. Be2 Kh5 49. Bf1 Nf8 50. Ke2 Ng6 51. Be1 Na6 52. Bg2 Nf8 53. Bf1 Ne6 54. Kd1 Kg6 55. Kc2 Kh5 56. Kb3 f4 57. Kc3 fxg3 58.
fxg3 Ng7 59. Be2 Nf5 60. Bf2 h6 61. Kb3 Ng7 62. Kc3 Ne8 63. Kb3 Nf6 64. Kc3 Kg6 65. Kb3 h5 66. Kc3 1/2-1/2

[Event "*** Titled Tuesday Blitz"]
[Site "Chess.com"]
[Date "2019.02.05"]
[Round "5"]
[White "Babas"]
[Black "djogrodek1"]
[Result "1-0"]
[WhiteElo "2337"]
[BlackElo "2364"]
[TimeControl "180+2"]
[EndTime "14:07:33 PST"]
[Termination "Babas won by resignation"]

1. e4 c6 2. d4 d5 3. exd5 cxd5 4. Bd3 Nc6 5. c3 Nf6 6. h3 g6 7. Qc2 Bg7 8. Nf3 O-O 9. Bf4 Bd7 10. O-O Qc8 11.
Re1 Bf5 12. Bxf5 gxf5 13. Ne5 Nxd4 14. Qd3 Nc6 15. Nxc6 bxc6 16. Rxe7 Ne4 17. Nd2 Re8 18. Rc7 Qe6 19. Nf3 Rec8 20. Nd4 Qg6 21. f3 Rxc7 22. Bxc7 Bxd4+ 23. Qxd4 Ng5 24. Kh2 Ne6 25. Qe5 f4 26.
Bd6 Rd8 27. Re1 Rxd6 28. Qxd6 Qg3+ 29. Kh1 Qxe1+ 30. Kh2 Qd2 31. Qxc6 Ng5 32. Qe8+ Kg7 33. Qe5+ f6 34. Qe7+ Kg6 35. Qe8+ Kg7 36. Qd7+ Kh6 37.
Qg4 Qxb2 38. h4 Nf7 39. Qxf4+ Kg7 40. Qg4+ Kf8 41. Qc8+ Kg7 42. Qg4+ Kf8 43. Qc8+ Ke7 44. Qc7+ Ke6 45. Qc8+ Kd6 46. Qf8+ Ke6 47. Qe8+ Kf5 48.
Qxf7 Qxa2 49. Qxh7+ Ke6 50. h5 a5 51. h6 Qf2 52.
Qg8+ Kd6 53. Qg3+ Qxg3+ 54. Kxg3 a4 55. h7 1-0

[Event "*** Titled Tuesday Blitz"]
[Site "Chess.com"]
[Date "2019.02.05"]
[Round "5"]
[White "DrMelekess"]
[Black "OscarAng"]
[Result "0-1"]
[WhiteElo "2596"]
[BlackElo "2435"]
[TimeControl "180+2"]
[EndTime "14:07:34 PST"]
[Termination "OscarAng won by resignation"]

1. d4 d5 2. Nf3 Nf6 3. e3 c5 4. c4 e6 5. Nc3 Nc6 6. cxd5 Nxd5 7. Bb5 Nxc3 8. bxc3 Bd7 9. O-O cxd4 10. cxd4 Be7 11. e4 O-O 12. Bf4 a6 13. Be2 Rc8 14. Rc1 Ba3 15.
Rc2 b5 16. Qd3 Be7 17. Rfc1 Nb4 18. Rxc8 Bxc8 19. Qb3 Bb7 20. Bc7 Qa8 21. Ba5 Nc6 22. Bc3 Rd8 23. h3 h6 24. Rd1 b4 25. Bb2 a5 26.
Qa4 Ba6 27. Bxa6 Qxa6 28. Rc1 Na7 29. d5 exd5 30. exd5 Qb5 31. Qc2 Qxd5 32. Qc7 Rd7 33. Qb6 Rb7 34. Qa6 Qb5 35. Qxb5 Nxb5 36. Rc6 Rc7 37.
Ra6 Rc2 38. Ra8+ Kh7 39. Rxa5 Nc3 40. Bxc3 bxc3 41. Ra6 Rb2 42. Rc6 c2 43. Kh2 Bd6+ 44. g3 c1=Q 45. Rxc1 Rxf2+ 46. Kg1 Rxf3 0-1

[Event "*** Titled Tuesday Blitz"]
[Site "Chess.com"]
[Date "2019.02.05"]
[Round "5"]
[White "sergeikim"]
[Black "maciek_92"]
[Result "0-1"]
[WhiteElo "2467"]
[BlackElo "2741"]
[TimeControl "180+2"]
[EndTime "14:07:35 PST"]
[Termination "maciek_92 won on time"]

1. d4 Nf6 2. c4 e6 3. Nc3 Bb4 4. Qc2 b6 5. a3 Bxc3+ 6. Qxc3 Bb7 7. Nf3 O-O 8. g3 d6 9. Bg2 Nbd7 10. O-O Qe7 11. b3 Rae8 12. Bb2 h6 13. Rfe1 Ba8 14. Rad1 Ne4 15. Qc2 f5 16. Nh4 Qf7 17. f4 Ndf6 18. d5 Qh5 19. Bxf6 Nxf6 20. dxe6 Bxg2 21. Kxg2 Rxe6 22.
Qxf5 Rxe2+ 23. Kg1 Qxf5 24. Nxf5 Rfe8 25. Kf1 R2e4 26.
Rxe4 Rxe4 27. Re1 Kf7 28. Rxe4 Nxe4 29. Ke2 h5 30. Nd4 a6 31. Kd3 Nf2+ 32. Ke2 Ng4 33.
h3 Nf6 34. Kf3 g6 35. g4 c5 36.
Nc6 hxg4+ 37. hxg4 Ke6 38. Nb8 a5 39. Nc6 Kd7 40.
Na7 a4 41. bxa4 d5 42. cxd5 Nxd5 43. Nb5 Kc6 44. Ke4 Nf6+ 45. Kf3 Kd5 46. f5 g5 47. Kg3 Ke4 48. Nd6+ Kd3 49. Nf7 c4 0-1

[Event "*** Titled Tuesday Blitz"]
[Site "Chess.com"]
[Date "2019.02.05"]
[Round "5"]
[White "tteshan"]
[Black "chesstatour"]
[Result "0-1"]
[WhiteElo "2105"]
[BlackElo "2008"]
[TimeControl "180+2"]
[EndTime "14:07:36 PST"]
[Termination "chesstatour won by checkmate"]

1. d4 f5 2. c4 Nf6 3. Nc3 g6 4. Nf3 Bg7 5. Bf4 O-O 6. e3 d6 7.
Be2 c6 8. O-O Nh5 9. Bg5 Be6 10.
d5 Bf7 11. Rc1 Qd7 12. Nh4 Nf6 13. Bxf6 Bxf6 14. Nf3 e5 15. dxe6 Bxe6 16. Nd4 Bf7 17. Qc2 Na6 18. a3 Rae8 19. Rfe1 Nc5 20. b4 Ne4 21.
Nxe4 fxe4 22. c5 d5 23. a4 Kh8 24. b5 Bg8 25. h3 Bxd4 26. exd4 Qf5 27. Bg4 Qf6 28.
bxc6 bxc6 29. Red1 Be6 30. Bxe6 Rxe6 31. a5 e3 32. fxe3 Rxe3 33. Qd2 Re4 34. Rb1 Rf7 35. Rb8+ Kg7 36. Rb2 Rfe7 37. Ra2 Qh4 38. Raa1 Re2 39. Qxe2 Rxe2 40. Rf1 Qxd4+ 41. Kh1 Qe4 42. Rg1 d4 43. Kh2 d3 44. Rad1 d2 45. h4 Re1 46. g3 Rxg1 47.
Rxg1 Qe2+ 48. Kh3 d1=Q 49. Rxd1 Qxd1 50. Kg2 Qe2+ 51. Kh3 Qc4 52. h5 Qxc5 53. Kg2 Qxa5 54. Kf3 Qd5+ 55. Ke3 c5 56. Ke2 c4 57. Ke1 Qd3 58. Kf2 c3 59. Kg2 c2 60. Kh3 c1=Q 61.
Kh4 g5+ 62. Kg4 Qe4+ 63. Kh3 Qch1# 0-1

[Event "*** Titled Tuesday Blitz"]
[Site "Chess.com"]
[Date "2019.02.05"]
[Round "5"]
[White "RojonR"]
[Black "pKiLz5Rn9b"]
[Result "0-1"]
[WhiteElo "2501"]
[BlackElo "2736"]
[TimeControl "180+2"]
[EndTime "14:07:37 PST"]
[Termination "pKiLz5Rn9b won on time"]

1. e4 c6 2. Nc3 d5 3. Qe2 d4 4.
Nd1 e5 5. g3 h5 6. f4 h4 7. Bg2 Nf6 8. Nf2 Bd6 9. d3 a5 10. f5 Na6 11. g4 Nh7 12. Nf3 a4 13. a3 b5 14. g5 Be7 15. Nxe5 Bxg5 16. Nxc6 Qb6 17. Nb4 Nxb4 18. axb4 h3 19. Nxh3 Bxc1 20. Rxc1 Qh6 21. Qd2 Qh4+ 22. Qf2 Qh6 23. Qf4 Nf6 24. Qe5+ Kf8 25. Qd6+ Kg8 26. O-O Qe3+ 27. Nf2 Ra6 28.
Qb8 Rc6 29. Rce1 Qg5 30. e5 Nd5 31. Ne4 Qh4 32. e6 Rxc2 33. Qg3 Qxg3 34. hxg3 fxe6 35. Nd6 Ne3 36. Rf2 Bd7 37. fxe6 Rxf2 38. Kxf2 Bxe6 39. Rh1 Rxh1 40. Bxh1 Bd7 41. Bb7 Nd1+ 42. Ke2 Nxb2 43. Kd2 a3 44. Bd5+ Kf8 45. Kc2 Ke7 46. Ne4 Na4 47.
Kb3 Nb2 48. Kc2 Be6 49. Bc6 Na4 0-1

[Event "*** Titled Tuesday Blitz"]
[Site "Chess.com"]
[Date "2019.02.05"]
[Round "5"]
[White "Sebastian"]
[Black "MITerryble"]
[Result "1-0"]
[WhiteElo "2893"]
[BlackElo "2792"]
[TimeControl "180+2"]
[EndTime "14:07:39 PST"]
[Termination "Sebastian won by resignation"]

1. e4 e6 2. d4 d5 3. Nc3 Nf6 4. e5 Nfd7 5. Nce2 c5 6. c3 cxd4 7. cxd4 f6 8. Nf4 Bb4+ 9. Bd2 Qb6 10. Bxb4 Qxb4+ 11. Qd2 Qxd2+ 12. Kxd2 Ke7 13. exf6+ gxf6 14. Re1 Nb6 15. Nf3 Bd7 16. Bd3 Nc6 17. b3 Kd6 18.
Nh5 Raf8 19. Bb5 e5 20. Bxc6 bxc6 21. h3 e4 22. Nh4 Rhg8 23. Nf4 Nc8 24. Rc1 Ne7 25.
g3 Rb8 26. Rc5 Rb4 27. Kc3 Rb6 28. Ra5 Rb7 29. Rc1 Ng6 30. Nhg2 Nh8 31. Ne3 Ng6 32.
Neg2 Ne7 33. h4 Nf5 34. Re1 Rgb8 35. Ne3 Ne7 36. Rc1 Ng6 37. Nxg6 hxg6 38. Rb1 Rf8 39. b4 g5 40. hxg5 fxg5 41. Rb2 Rf3 42. Ra6 Kc7 43.
a4 Kb8 44. Ra5 Be8 45. Rc5 Rbf7 46. b5 cxb5 47. Rxd5 Rc7+ 48. Kb4 Rxf2 49. Rxf2 bxa4 50. Rd8+ Rc8 51. Rxc8+ Kxc8 52. Rf5 1-0

[Event "*** Titled Tuesday Blitz"]
[Site "Chess.com"]
[Date "2019.02.05"]
[Round "5"]
[White "goodluck06"]
[Black "TrimitziosP7"]
[Result "0-1"]
[WhiteElo "2462"]
[BlackElo "2683"]
[TimeControl "180+2"]
[EndTime "14:07:42 PST"]
[Termination "TrimitziosP7 won by checkmate"]

1. e4 c5 2. Nf3 Nc6 3. Bb5 g6 4. O-O Bg7 5. Bxc6 dxc6 6. d3 Nf6 7. h3 O-O 8. Nc3 Nd7 9. Be3 e5 10. Qd2 Re8 11. Nh2 b6 12. f4 exf4 13. Bxf4 Nf8 14. Kh1 Ne6 15. Bg3 Nd4 16. Nf3 f5 17. Rae1 Be6 18.
Ng5 Qd7 19. Nxe6 Rxe6 20. Bh2 Rae8 21. exf5 Nxf5 22. Rxe6 Qxe6 23. Ne4 Qd5 24. Qg5 c4 25. Nf6+ Bxf6 26. Qxf6 Re2 27. Qg5 cxd3 28. cxd3 Qxd3 29. Qc1 Qe4 30. Qg5 Kg7 31. Bb8 h6 32. Qg4 Qxg4 33. hxg4 Ne3 34. Rc1 Nxg4 35. Bxa7 Rxb2 36. g3 c5 37. a4 h5 38. a5 bxa5 39. Bxc5 Kf7 40. Ra1 Rb5 41. Bd4 Ke6 42. Bc3 Kd5 43. Bxa5 Ke4 44.
Bc7 Kf3 45. Rf1+ Ke2 46. Ra1 Kf2 47. Ra2+ Kf3 48. Ra3+ Ke2 49. Ra2+ Kd3 50. Ra3+ Ke4 51. Ra4+ Kf5 52. Rf4+ Kg5 53. Rf1 Kh6 54. Bf4+ g5 55.
Bd6 Kg6 56. Bc7 h4 57. gxh4 gxh4 58. Bf4 Kh5 59. Bc7 h3 60. Bg3 Rb3 61. Bd6 Rb2 62. Bg3 Rg2 63. Be1 Kg5 64. Ba5 Nf2+ 65. Rxf2 Rxf2 66.
Bb6 Re2 67. Bg1 Kg4 68. Bh2 Kf3 69. Bg1 Kg3 70. Bd4 h2 71. Bc3 Kh3 72. Bd2 Rf2 73. Be1 Rf1# 0-1

[Event "*** Titled Tuesday Blitz"]
[Site "Chess.com"]
[Date "2019.02.05"]
[Round "5"]
[White "politeplayer"]
[Black "PawnEatingZombie"]
[Result "1-0"]
[WhiteElo "2023"]
[BlackElo "2120"]
[TimeControl "180+2"]
[EndTime "14:07:44 PST"]
[Termination "politeplayer won by checkmate"]

1. e4 e6 2. d3 d5 3. Nd2 Nf6 4. g3 c5 5. Bg2 Nc6 6. Ngf3 Be7 7. O-O O-O 8. e5 Nd7 9. Re1 Qc7 10.
Qe2 b5 11. Nf1 Bb7 12. h4 Rfc8 13. Bf4 Qd8 14. Ng5 h6 15. Nh3 Kh8 16. Qh5 Qe8 17. c4 bxc4 18. dxc4 Nd4 19. Bxh6 gxh6 20. Qxh6+ Kg8 21.
Ng5 Bxg5 22. Qxg5+ Kf8 23. Qh6+ Ke7 24. Qg5+ Kf8 25.
Qh6+ Ke7 26. Qg5+ Kf8 27. cxd5 Bxd5 28. Ne3 Bxg2 29. Qh6+ Ke7 30. Qg5+ f6 31. exf6+ Kd6 32. Nc4+ Kc7 33. Kxg2 Nb6 34. Qxc5+ Qc6+ 35. Qxc6+ Kxc6 36. Rac1 Nxc4 37. Rxc4+ Kd5 38. Rxc8 Rxc8 39. g4 e5 40. g5 Ke6 41. f4 Rc2+ 42. Kg3 Ne2+ 43. Kg4 Nxf4 44.
f7 Rg2+ 45. Kf3 Kxf7 46. Rxe5 Rxb2 47. Kxf4 Rxa2 48. Rb5 Rf2+ 49. Kg3 Ra2 50. h5 Kg7 51. Rb7+ Kg8 52. g6 Ra4 53. h6 Ra1 54. Rb8# 1-0

[Event "*** Titled Tuesday Blitz"]
[Site "Chess.com"]
[Date "2019.02.05"]
[Round "5"]
[White "NotFischer"]
[Black "in_shambles"]
[Result "1-0"]
[WhiteElo "2123"]
[BlackElo "1995"]
[TimeControl "180+2"]
[EndTime "14:07:44 PST"]
[Termination "NotFischer won by checkmate"]

1. d4 Nf6 2. Bf4 e6 3. e3 d5 4.
c3 Bd6 5. Bg3 O-O 6. Nd2 c5 7.
Bd3 Qc7 8. Ngf3 Bxg3 9. hxg3 Nbd7 10. g4 g6 11. g5 Nh5 12. Rxh5 gxh5 13. Ne5 Nxe5 14. dxe5 Qxe5 15. Qxh5 Qg7 16. Nf3 Re8 17. O-O-O e5 18. Bb5 Rd8 19. Rh1 Bf5 20. Nh4 Bg6 21.
Qf3 a6 22. Be2 e4 23. Qf4 Rac8 24. Bg4 Rc6 25. Nf5 Bxf5 26. Bxf5 Rg6 27. Bxg6 fxg6 28. Rd1 Qf7 29. Qg3 d4 30. exd4 Qxa2 31. Qg4 Qa1+ 32. Kc2 Qa4+ 33. Kb1 Qc6 34. dxc5 Rxd1+ 35. Qxd1 Qxc5 36.
Qd8+ Kf7 37. Qd7+ Qe7 38. Qd5+ Ke8 39. Kc2 b5 40. b4 e3 41. fxe3 Qxe3 42. Qc6+ Kf7 43.
Qf6+ Ke8 44. Qh8+ Kd7 45. Qxh7+ Qe7 46. Qxe7+ Kxe7 47. Kd3 Ke6 48. Ke4 Kd6 49. g3 Ke6 50. g4 Kd6 51. Kd4 Ke6 52. Kc5 Ke5 53. Kb6 Kf4 54.
Kxa6 Kxg5 55. Kxb5 Kxg4 56. c4 Kf4 57. c5 g5 58. c6 g4 59. c7 g3 60. c8=Q g2 61.
Qc1+ Kf3 62. Qg1 Kg3 63. Kc4 Kf4 64. Kd3 Ke5 65. Qxg2 Ke6 66. Qe4+ Kd6 67. Kd4 Kd7 68. Qg6 Kd8 69. Kd5 Kc8 70. Qh7 Kd8 71. Kd6 Ke8 72. Qe7# 1-0

[Event "*** Titled Tuesday Blitz"]
[Site "Chess.com"]
[Date "2019.02.05"]
[Round "5"]
[White "Indianlad"]
[Black "iturrizaga"]
[Result "1-0"]
[WhiteElo "2935"]
[BlackElo "2815"]
[TimeControl "180+2"]
[EndTime "14:07:47 PST"]
[Termination "Indianlad won on time"]

1. Nf3 c5 2. e3 g6 3. d4 Bg7 4. Be2 Nf6 5. O-O b6 6. d5 Bb7 7. c4 e6 8. Nc3 exd5 9. cxd5 O-O 10. e4 d6 11. a4 Na6 12. h3 Nb4 13. Bf4 Re8 14.
Nd2 a6 15. Re1 Qc7 16. Rc1 Nd7 17. Nc4 Ne5 18. Ne3 Qd7 19. Bh2 f5 20. exf5 gxf5 21. Nc4 Nxc4 22. Bxc4 Rxe1+ 23. Qxe1 Bh6 24. Rd1 Re8 25.
Qf1 Qe7 26. Kh1 f4 27. Be2 Bg7 28. Bg4 Kh8 29. Bxf4 Bxc3 30. bxc3 Nxd5 31. Bg3 Qf7 32. Qc4 b5 33. axb5 axb5 34. Qxb5 Nf6 35. Rxd6 Ne4 36. Rd7 Nxg3+ 37. fxg3 Qf2 38. Rxh7+ Kxh7 39. Qxb7+ Kh8 40.
Kh2 Re1 41. Qc8+ Kg7 42. Qc7+ Kh8 43. Qd8+ Kg7 44. Qg5+ Kf8 45. Qd8+ Kg7 46. Qg5+ Kf8 47. Qh6+ Ke7 48. Qg7+ Ke8 49. Bh5+ Kd8 50. Qg5+ Kc7 51.
h4 Qg1+ 52. Kh3 Qh1+ 53. Kg4 Re4+ 54. Kf3 Qe1 55. Qxc5+ 1-0

[Event "*** Titled Tuesday Blitz"]
[Site "Chess.com"]
[Date "2019.02.05"]
[Round "5"]
[White "MehdiHosseinipour"]
[Black "nochewycandy"]
[Result "0-1"]
[WhiteElo "2525"]
[BlackElo "2339"]
[TimeControl "180+2"]
[EndTime "14:07:47 PST"]
[Termination "nochewycandy won by resignation"]

1. e4 g6 2. d4 Bg7 3. Nc3 d6 4.
Nf3 a6 5. a4 b6 6. Bc4 e6 7.
O-O Bb7 8. d5 e5 9. Ne1 Nd7 10.
Nd3 Ne7 11. f4 exf4 12. Bxf4 O-O 13. Qd2 f5 14. Rae1 Kh8 15. e5 dxe5 16. Nxe5 Nxe5 17. Bxe5 Bxe5 18. Rxe5 Nc8 19. Qd4 Qf6 20. Ne4 Qg7 21. Ng5 Nd6 22. Bd3 Rae8 23. Ne6 Qf6 24.
Rfe1 Rf7 25. Qc3 Rfe7 26. Qd4 Nf7 27. R5e2 Qxd4+ 28. Nxd4 Rxe2 29. Rxe2 Rxe2 30. Nxe2 Bxd5 31. Bxa6 c5 32. Nc3 Bc6 33. Kf2 Kg7 34. h3 Kf6 35. g3 Ng5 36. h4 Ne6 37. Ke3 Nd4 38. Bd3 Ke5 39. b3 h6 40. Ne2 g5 41. hxg5 hxg5 42. Nxd4 cxd4+ 43. Kf2 f4 44. gxf4+ Kxf4 45. Bf1 g4 46.
Bg2 g3+ 47. Kf1 Bd7 48. Ke2 Bf5 49. Kd2 Be4 50. Bf1 g2 51. Bxg2 Bxg2 52. c3 Ke5 53.
cxd4+ Kxd4 54. Kc2 Be4+ 55. Kb2 Bc6 56. b4 Bxa4 57.
Ka3 b5 0-1